 Dungeon Crawl Stone Soup version 0.28-a0-657-g71136c5590 (webtiles) character file.

Game seed: 3142950925232810441

64 siradein the Poker (level 3, 0/28 HPs)
             Began as a Demonspawn Gladiator on Oct 13, 2021.
             Slain by an orc (5 damage)
             ... on level 3 of the Dungeon.
             The game lasted 00:01:59 (2603 turns).

siradein the Poker (Demonspawn Gladiator)           Turns: 2603, Time: 00:02:00

Health: 0/28       AC:  4    Str: 14    XL:     3   Next: 91%
Magic:  3/3        EV: 12    Int: 10    God:
Gold:   96         SH:  0    Dex: 14    Spells: 2/2 levels left

rFire   . . .      SeeInvis .   a - +0 trident
rCold   . . .      Faith    .   (no shield)
rNeg    . . .      Spirit   .   b - +0 leather armour
rPois   .          Reflect  .   (helmet restricted)
rElec   .          Harm     .   (no cloak)
rCorr   .          Rampage  .   e - +0 pair of gloves
Will    .....                   (no boots)
Stlth   +.........              (no amulet)
HPRegen 0.09/turn               (no ring)
MPRegen 0.08/turn               (no ring)

@: no status effects
A: horns 1
a: no special abilities


You were on level 3 of the Dungeon.
You visited 1 branch of the dungeon, and saw 3 of its levels.

You collected 96 gold pieces.

Inventory:

Hand Weapons
 a - a +0 trident (weapon)
Missiles
 d - 3 throwing nets (quivered)
 j - 16 poisoned darts
Armour
 b - a +0 leather armour (worn)
 e - a +0 pair of gloves (worn)
Magical Staves
 n - a staff of conjuration
Scrolls
 g - 2 scrolls of teleportation {unknown}
 i - 3 scrolls of identify {unknown}
 k - a scroll of fear {unknown}
 o - a scroll of blinking {unknown}
Potions
 c - 2 potions of lignification {unknown}
 f - a potion of mutation {unknown}
 h - a potion of degeneration {unknown}
 l - a potion of invisibility {unknown}
 m - a potion of might {unknown}


   Skills:
 + Level 2.7 Fighting
 + Level 3.2 Polearms
 + Level 2.4 Throwing
 + Level 3.1 Dodging


You had 2 spell levels left.
You didn't know any spells.
Your spell library was empty.

Dungeon Overview and Level Annotations

Branches:
Dungeon (3/15)

Altars:

Shops:
D:1 [   D:2 !


Innate Abilities, Weirdness & Mutations

You have a pair of small horns on your head.


Message History

You puncture the orc!
You kill the orc!
You reach to attack!
You hit the rat.
You kill the rat!
You reach to attack!
You barely miss the orc. You hit the orc but do no damage.
Your headbutt misses the orc. You puncture the orc! You headbutt the orc.
You kill the orc!
The orc hits you with a +0 flail! The orc closely misses you.
You hit the orc but do no damage. The orc hits you with a +0 flail.
You closely miss the orc. You headbutt the orc, but do no damage.
The orc closely misses you.
You closely miss the orc. Your headbutt misses the orc.
The orc barely misses you.
You hit the orc but do no damage. The orc hits you with a +0 flail!
* * * LOW HITPOINT WARNING * * *
You are too injured to fight recklessly!
You are too injured to fight recklessly!
You are too injured to fight recklessly!
You are too injured to fight recklessly!
You hit the orc. You headbutt the orc, but do no damage.
The orc is moderately wounded.
The orc barely misses you.
You hit the orc but do no damage.
The orc is moderately wounded.
The orc hits you with a +0 flail.
* * * LOW HITPOINT WARNING * * *
You hit the orc but do no damage. You headbutt the orc, but do no damage.
The orc is moderately wounded.
The orc barely misses you. The orc misses you.
You hit the orc but do no damage.
The orc is moderately wounded.
The orc barely misses you.
You barely miss the orc.
The orc is moderately wounded.
The orc misses you.
You barely miss the orc.
The orc is moderately wounded.
The orc hits you with a +0 flail.
You die...

#.###### #.# #.#
#.# #.# #.# #.#
#.# ...
#########.#
#..###.........#
.....#####.#
..#.#.#o###...#
......)@...###.#
..#.#.#.#.## #.#
......## #.#
#.......# .#
#.##.##.# # # #.
##. #. # #


You could see an orc.

Vanquished Creatures
  2 adders
  A dart slug (D:2)
  3 orcs (D:3)
  3 ball pythons
  5 endoplasms
  2 giant cockroaches (D:1)
  4 hobgoblins
  3 jackals (D:1)
  5 kobolds
  2 frilled lizards (D:1)
  2 goblins
  6 rats
38 creatures vanquished.

Notes
Turn   | Place    | Note
-------+----------+-------------------------------------------
     0 | D:1      | siradein the Demonspawn Gladiator began the quest for the
                  | Orb.
     0 | D:1      | Reached XP level 1. HP: 16/16 MP: 1/1
   104 | D:1      | Found Cuissarr's Antique Armour Emporium.
   379 | D:1      | Found a faded altar of an unknown god.
   471 | D:1      | Gained mutation: You have a pair of small horns on your
                  | head. [demonic ancestry]
   471 | D:1      | Reached XP level 2. HP: 22/22 MP: 2/2
  1161 | D:2      | Found Rastrufu's Distillery.
  1432 | D:2      | Reached XP level 3. HP: 27/28 MP: 3/3
  2603 | D:3      | Slain by an orc

Illustrated notes

Levels and vault maps discovered:
D:1:      nicolae_arrival_memento_mori, layout_loops_ring,
          hellmonk_ecumenical_altar_crossroads, serial_shops,
          nicolae_shop_overgrown_old_shop
D:2:      layout_basic, serial_shops, shop
D:3:      layout_loops_ring

Skill      XL: |  1  2 |
---------------+-------+-----
Throwing       | 2 |  2.4
Polearms       | 3 |  3.2
Dodging        | 3 |  3.1
Fighting       | |  2.7

Action                   || total
-------------------------++-------
Melee: Trident           ||   109
       Headbutt          ||    15
Armor: Leather armour    ||    16
Dodge: Dodged            ||    48

Table legend: (Time is in decaauts)
 A = Elapsed time spent in this place.
 B = Non-inter-level travel time spent in this place.
 C = Inter-level travel time spent in this place.
 D = Time resting spent in this place.
 E = Time spent auto-exploring this place.
 F = Levels seen in this place.
 G = Mean time per level.
                   A        B        C        D        E       F      G
               +--------+--------+--------+--------+--------+-----+--------+
         Total |   2618 |   2559 |     59 |      0 |   2271 |   3 |  872.7 |
       Dungeon |   2618 |   2559 |     59 |      0 |   2271 |   3 |  872.7 |
               +--------+--------+--------+--------+--------+-----+--------+

Top non-repeatable levels by time:
     D:1: 1156 daAuts
     D:2: 991 daAuts
     D:3: 471 daAuts
